 Dungeon Crawl Stone Soup version 0.20-a0-493-g19c8d8d (webtiles) character file.

211 nono the Covered (level 6, -11/41 HPs)
             Began as a Halfling Fighter on Jan 17, 2017.
             Mangled by an ogre
             ... wielding a +0 giant club
              (16 damage)
             ... on level 4 of the Dungeon.
             The game lasted 00:06:23 (2978 turns).

nono the Covered (Halfling Fighter)                 Turns: 2978, Time: 00:06:24

Health: -11/41     AC:  8    Str: 19    XL:     6   Next: 13%
Magic:  6/6        EV:  9    Int:  6    God:
Gold:   99         SH: 10    Dex: 14    Spells: 5/5 levels left

rFire    + . .     SeeInvis .   a - +0 long sword
rCold    . . .     Gourm    .   b - +0 scale mail
rNeg     . . .     Faith    .   c - +0 shield
rPois    .         Spirit   .   (no helmet)
rElec    .         Reflect  .   (no cloak)
rCorr    .         Harm     .   (no gloves)
MR       .....                  i - +0 pair of boots
Stlth    ..........             (no amulet)
Regen    0.2/turn               (no ring)
                                v - ring of protection from fire

@: no status effects
A: mutation resistance 1
a: no special abilities


You were on level 4 of the Dungeon.
You were very hungry.

You visited 1 branch of the dungeon, and saw 4 of its levels.

You collected 99 gold pieces.

Inventory:

Hand Weapons
 a - a +0 long sword (weapon)
Missiles
 g - 6 curare-tipped needles
 k - 32 poisoned needles
 z - 5 needles of sleeping
Armour
 b - a +0 scale mail (worn)
 c - a +0 shield (worn)
 i - a +0 pair of boots (worn)
Jewellery
 v - a ring of protection from fire (left hand)
Wands
 u - a wand of digging (15/24)
Scrolls
 e - 2 scrolls of amnesia {unknown}
 n - a scroll of fog {unknown}
 p - 3 scrolls of teleportation {unknown}
 r - 4 scrolls of remove curse {unknown}
 s - 3 scrolls of recharging {unknown}
 w - a scroll of magic mapping {unknown}
 x - a scroll of immolation {unknown}
 y - 2 scrolls of identify {unknown}
Potions
 d - 3 potions of might
 h - a potion of haste
 j - a potion of cancellation {unknown}
 l - a potion of resistance {unknown}
 o - a potion of curing {unknown}
 q - a potion of berserk rage
Comestibles
 f - 2 bread rations
 m - a beef jerky
 t - a meat ration


   Skills:
 - Level 2.6 Fighting
 + Level 3.9 Long Blades
 + Level 4.7 Armour
 + Level 4.7 Shields


You had 5 spell levels left.
You didn't know any spells.

Dungeon Overview and Level Annotations

Branches:
Dungeon (4/15)
 Temple: D:4-7

Altars:
Cheibriados

Annotations:
D:3 Grinder, Sigmund


Innate Abilities, Weirdness & Mutations

You are small and have problems with some larger weapons.
You are somewhat resistant to further mutation.


Message History

The ogre hits you with a giant club!!
Ouch! That really hurt!
* * * LOW HITPOINT WARNING * * *
Things that are here:
a flail; a robe
There is an open door here.
You hit the ogre but do no damage.
The ogre is almost dead.
The ogre barely misses you.
You riposte.
You closely miss the ogre.
The ogre is almost dead.
Evoke which item? (* to show all) (? for menu, Esc to quit)
Okay, then.
You hit the ogre.
The ogre is almost dead.
You are feeling very hungry.
You block the ogre's attack.
Your shield prevents you from hitting the ogre.
The ogre is almost dead.
The ogre hits you with a giant club!
You die...

.....#+##
##########
#.......#
#...l...#
+.......###
#l####....# #.#
#....#
#.####....###..$
#..lO@....'....#
.######....###...
........####
.........#
.....#..##
####.#..# # #..#
#..# #..######.


You could see an ogre and a frilled lizard.

Vanquished Creatures
  Blork the orc (D:4)
  A hound (D:4)
  A worker ant (D:4)
  2 adders
  2 oozes
  A worm (D:2)
  4 orcs (D:4)
  4 bats
  2 giant cockroaches (D:1)
  6 goblins
  4 hobgoblins
  7 jackals
  2 quokkas
  2 ball pythons
  6 frilled lizards
  A jackal skeleton (D:4)
  3 kobolds
  5 rats
54 creatures vanquished.

Notes
Turn   | Place    | Note
-------+----------+-------------------------------------------
     0 | D:1      | nono the Halfling Fighter began the quest for the Orb.
     0 | D:1      | Reached XP level 1. HP: 15/15 MP: 1/1
   241 | D:1      | Reached XP level 2. HP: 20/20 MP: 2/2
   504 | D:1      | Found a snail-covered altar of Cheibriados.
   639 | D:2      | Reached XP level 3. HP: 7/25 MP: 3/3
  1169 | D:2      | Found a faded altar of an unknown god.
  1522 | D:2      | Reached XP level 4. HP: 30/30 MP: 4/4
  1889 | D:3      | Noticed Sigmund
  2053 | D:3      | Noticed Grinder
  2217 | D:4      | Reached XP level 5. HP: 21/35 MP: 5/5
  2818 | D:4      | Noticed a phantom
  2864 | D:4      | Noticed Blork the orc
  2878 | D:4      | Killed Blork the orc
  2878 | D:4      | Reached XP level 6. HP: 25/41 MP: 6/6
  2947 | D:4      | Noticed an ogre
  2978 | D:4      | Mangled by an ogre

Vault maps used:
D:1:      saegor_arrival_simple_d, cheibriados_altar_1
D:2:      chequers_ecumenical_altar_simple_redux
D:3:      first_bread, uniq_grinder, uniq_sigmund
D:4:      kennysheep_big_flooded_room, uniq_blork_the_orc, uniq_natasha

Skill      XL: |  1  2  3  4 |
---------------+-------------+-----
Long Blades    | 3 |  3.9
Armour         | 4 |  4.7
Shields        | 4 |  4.7
Fighting       | |  2.6

Action                   |  1- 3 |  4- 6 || total
-------------------------+-------+-------++-------
Melee: Long sword        |   101 |   140 ||   241
  Use: Potion            |       |     2 ||     2
  Eat: Chunk             |     2 |     4 ||     6
Armor: Scale mail        |    55 |    60 ||   115
Dodge: Dodged            |    38 |    52 ||    90
Block: Shield            |    57 |    96 ||   153
       Rpst.: Long sword |    16 |    13 ||    29
